 Dungeon Crawl Stone Soup version 0.28-a0-732-g75e6d9beac (webtiles) character file.

Game seed: 15809728131828318573

2226 Ijustatesigmund the Covert (level 9, 0/81 HPs)
             Began as a Gnoll Delver on Oct 29, 2021.
             Succumbed to a killer bee's poison
             ... on level 7 of the Dungeon.
             The game lasted 00:18:50 (9034 turns).

Ijustatesigmund the Covert (Gnoll Delver)           Turns: 9034, Time: 00:18:50

Health: 0/81       AC: 13    Str: 13    XL:     9   Next: 36%
Magic:  15/15      EV:  9    Int: 12    God:
Gold:   308        SH: 15    Dex: 23    Spells: 16/16 levels left

rFire   . . .      SeeInvis .   a - +1 hand axe (flame)
rCold   . . .      Faith    .   n - +0 tower shield
rNeg    . . .      Spirit   .   i - +0 storm dragon scales
rPois   .          Reflect  .   q - +2 helmet
rElec   +          Harm     .   f - +0 cloak of the Lost Dreams {Dex+4}
rCorr   .          Rampage  .   (no gloves)
Will    .....                   (no boots)
Stlth   ++........              (no amulet)
HPRegen 0.23/turn               h - +6 ring of dexterity
MPRegen 0.14/turn               s - +4 ring of evasion

@: lethally poisoned (0 -> -15), attractive
A: fangs 1, strong nose, distributed training, iridescent scales 1, deformed
body, robust 1
a: no special abilities


You were on level 7 of the Dungeon.
You visited 2 branches of the dungeon, and saw 8 of its levels.
You also visited: Sewer.

You collected 308 gold pieces.

Inventory:

Hand Weapons
 a - a +1 hand axe of flaming (weapon)
Armour
 b - +0 steam dragon scales
 f - the +0 cloak of the Lost Dreams (worn) {Dex+4}
   (You found it on level 5 of the Dungeon)

   Dex:       It affects your dexterity (+4).
 i - +0 storm dragon scales (worn)
 n - a +0 tower shield (worn)
 o - a +1 cloak
 q - a +2 helmet (worn)
 D - a +0 buckler
Jewellery
 h - a +6 ring of dexterity (left hand)
 k - a ring of magical power
 m - a ring of flight
 s - a +4 ring of evasion (right hand)
 y - a ring of resist corrosion
Wands
 g - a wand of digging (2)
Scrolls
 c - 3 scrolls of fog
 d - 3 scrolls of magic mapping
 e - 3 scrolls of teleportation
 j - a scroll of summoning
 l - 4 scrolls of enchant armour
 A - a scroll of blinking
 C - a scroll of brand weapon
 E - a scroll of identify
Potions
 p - 2 potions of flight
 r - a potion of might {unknown}
 t - 2 potions of mutation
 u - 2 potions of brilliance {unknown}
 v - a potion of magic
 x - a potion of ambrosia {unknown}


   Skills:
 + Level 7.8 Fighting
 + Level 4.1 Short Blades
 + Level 4.1 Long Blades
 + Level 6.2 Axes
 + Level 4.1 Maces & Flails
 + Level 4.1 Polearms
 + Level 4.1 Staves
 + Level 4.1 Slings
 + Level 4.1 Bows
 + Level 4.1 Crossbows
 + Level 4.1 Throwing
 + Level 4.1 Armour
 + Level 6.2 Dodging
 + Level 10.5 Stealth
 + Level 4.1 Shields
 + Level 4.1 Unarmed Combat
 + Level 4.1 Spellcasting
 + Level 3.4 Conjurations
 + Level 3.4 Hexes
 + Level 3.4 Summonings
 + Level 3.4 Necromancy
 + Level 3.4 Translocations
 + Level 3.4 Transmutations
 + Level 3.4 Fire Magic
 + Level 3.4 Ice Magic
 + Level 3.4 Air Magic
 + Level 3.4 Earth Magic
 + Level 3.4 Poison Magic
 + Level 4.6 Invocations
 + Level 4.1 Evocations


You had 16 spell levels left.
You didn't know any spells.
Your spell library contained the following spells:

 Spells                   Type           Power      Damage    Failure   Level
 Slow                     Hex            10%        N/A       100%        2
 Confusing Touch          Hex            10%        N/A       100%        3
 Yara's Violent Unravell  Hex/Tmut       5%         3d4       100%        5


Dungeon Overview and Level Annotations

Branches:
Dungeon (7/15)             Temple (1/1) D:4           Sewer (visited)

Altars:
Ashenzari
Dithmenos
Elyvilon
Fedhas
Gozag
Hepliaklqana
Kikubaaqudgha
Nemelex Xobeh
Okawaru
Qazlal
Ru
Sif Muna
Trog
Vehumet
Wu Jian
Yredelemnul
The Shining One


Innate Abilities, Weirdness & Mutations

You have very sharp teeth.
Your uncanny sense of smell can sniff out nearby items.
Your experience applies equally to all skills.
You are partially covered in iridescent scales. (AC +2)
Armour fits poorly on your strangely shaped body.
You are robust. (+10% HP)


Message History

You block the killer bee's attack. x2
Your shield and storm dragon scales prevent you from hitting the killer bee.
The killer bee is heavily wounded.
You block the killer bee's attack. The killer bee barely misses you.
You block the killer bee's attack.
You hit the killer bee. You burn the killer bee.
The killer bee is severely wounded.
You block the killer bee's attack. The killer bee stings you.
You are poisoned.
The killer bee poisons you!
You miss the killer bee.
The killer bee is severely wounded.
You feel very sick. The killer bee barely misses you.
You block the killer bee's attack. x2
You hit the killer bee but do no damage.
The killer bee is severely wounded.
You feel sick. You block the killer bee's attack. x2
The killer bee stings you.
* * * LOW HITPOINT WARNING * * *
You are more poisoned.
The killer bee poisons you!
It was a potion of mutation.
You feel extremely strange.
Iridescent scales grow over part of your body.
You feel robust.
Your body twists and deforms.
You feel very sick. The killer bee stings you.
* * * LOW HITPOINT WARNING * * *
You are more poisoned.
The killer bee poisons you! You block the killer bee's attack.
It was a potion of magic.
Magic courses through your body.
* * * LOW HITPOINT WARNING * * *
You feel very sick. The killer bee stings you.
* * * LOW HITPOINT WARNING * * *
The killer bee barely misses you.
Okay, then.
Okay, then.
It was a potion of attraction.
You feel attractive to monsters.
You die...

#######
.....#+#+#######
#.............# ∆
#.............#
#.............#
#.............#
######+##.............#
.y....†.+[.....@y.....#
.#......#.............#
........#.............#
..y.....#.......).....#
..####+##+##..#'#######
. #..#.# #..#.# #.^#.#
#. #.#


You could see a killer bee.

Vanquished Creatures
  A steam dragon (D:6)
  A black bear (D:4)
  A sky beast (D:7)
  An ice beast (D:7)
  4 ogres
  A centaur (D:5)
  2 phantoms (D:6)
  4 bullfrogs
  5 scorpions
  A wyvern zombie (D:6)
  A wyvern skeleton (D:6)
  2 centaur zombies (D:5)
  A gnoll shaman (D:6)
  2 orc priests
  An iguana (D:6)
  Natasha (thrice) (D:2)
  An orc wizard (D:5)
  A hound skeleton (D:5)
  5 gnolls (D:6)
  11 adders
  2 river rats
  A white imp (D:4)
  An ufetubus (D:6)
  An adder skeleton (D:5)
  3 worms
  A dart slug (D:4)
  10 orcs
  7 endoplasms
  4 giant cockroaches
  A goblin (D:1)
  3 hobgoblins
  4 quokkas
  16 ball pythons
  7 bats
  8 frilled lizards
  6 kobolds
  A quokka skeleton (D:4)
  29 rats
  A bush (Temple)
155 creatures vanquished.

Notes
Turn   | Place    | Note
-------+----------+-------------------------------------------
     0 | D:5      | Reached skill level 9 in Stealth
     0 | D:5      | Ijustatesigmund the Gnoll Delver began the quest for the
                  | Orb.
     0 | D:5      | Reached XP level 1. HP: 23/23 MP: 1/1
   103 | D:5      | Noticed a centaur
   104 | D:5      | Found a stormy altar of Qazlal.
   105 | D:5      | Noticed a scorpion
   239 | D:4      | Noticed an orc wizard
   336 | D:5      | Reached XP level 2. HP: 22/29 MP: 2/2
   426 | D:5      | Reached XP level 3. HP: 33/35 MP: 2/4
   673 | D:4      | Noticed an ogre
   716 | D:4      | Reached skill level 1 in Invocations
  1212 | D:3      | Reached skill level 1 in Short Blades
  1212 | D:3      | Reached skill level 1 in Long Blades
  1212 | D:3      | Reached skill level 1 in Maces & Flails
  1212 | D:3      | Reached skill level 1 in Polearms
  1212 | D:3      | Reached skill level 1 in Staves
  1212 | D:3      | Reached skill level 1 in Slings
  1212 | D:3      | Reached skill level 1 in Bows
  1212 | D:3      | Reached skill level 1 in Crossbows
  1212 | D:3      | Reached skill level 1 in Throwing
  1212 | D:3      | Reached skill level 1 in Armour
  1212 | D:3      | Reached skill level 1 in Shields
  1212 | D:3      | Reached skill level 1 in Unarmed Combat
  1212 | D:3      | Reached skill level 1 in Spellcasting
  1212 | D:3      | Reached skill level 1 in Evocations
  1479 | D:3      | Reached XP level 4. HP: 41/41 MP: 5/5
  1497 | D:3      | Found a glowing drain.
  1505 | Sewer    | Entered a sewer
  1740 | Sewer    | Reached skill level 1 in Conjurations
  1740 | Sewer    | Reached skill level 1 in Hexes
  1740 | Sewer    | Reached skill level 1 in Summonings
  1740 | Sewer    | Reached skill level 1 in Necromancy
  1740 | Sewer    | Reached skill level 1 in Translocations
  1740 | Sewer    | Reached skill level 1 in Transmutations
  1740 | Sewer    | Reached skill level 1 in Fire Magic
  1740 | Sewer    | Reached skill level 1 in Ice Magic
  1740 | Sewer    | Reached skill level 1 in Air Magic
  1740 | Sewer    | Reached skill level 1 in Earth Magic
  1740 | Sewer    | Reached skill level 1 in Poison Magic
  1802 | Sewer    | Reached XP level 5. HP: 15/47 MP: 6/6
  2518 | Sewer    | Reached XP level 6. HP: 51/53 MP: 8/8
  2849 | D:2      | Found a faded altar of an unknown god.
  2875 | D:2      | Reached skill level 5 in Axes
  2875 | D:2      | Reached skill level 5 in Dodging
  2953 | D:2      | Found a hazy altar of Hepliaklqana.
  4055 | D:2      | Noticed Natasha
  4068 | D:2      | Killed Natasha
  4077 | D:2      | Noticed Natasha
  4085 | D:2      | Killed Natasha
  4372 | D:2      | Noticed Natasha
  4406 | D:2      | Killed Natasha
  4940 | D:3      | Reached XP level 7. HP: 59/59 MP: 10/10
  5025 | D:4      | Found a glowing golden altar of the Shining One.
  5162 | D:4      | Found a staircase to the Ecumenical Temple.
  5456 | D:4      | Found an ornate altar of the Wu Jian Council.
  5457 | D:4      | Found a shadowy altar of Dithmenos.
  5458 | D:4      | Found an opulent altar of Gozag.
  5546 | D:4      | Reached skill level 10 in Stealth
  5754 | Temple   | Entered the Ecumenical Temple
  5977 | D:5      | Reached XP level 8. HP: 61/67 MP: 12/12
  5983 | D:5      | Identified the +0 cloak of the Lost Dreams {Dex+4}
  8221 | D:6      | Reached XP level 9. HP: 70/72 MP: 14/14
  8684 | D:6      | Found a blossoming altar of Fedhas.
  9032 | D:7      | Gained mutation: You are partially covered in iridescent
                  | scales. (AC +2) [potion of mutation]
  9032 | D:7      | Gained mutation: You are robust. (+10% HP) [potion of
                  | mutation]
  9032 | D:7      | Gained mutation: Armour fits poorly on your strangely
                  | shaped body. [potion of mutation]
  9033 | D:7      | HP: 3/81 [killer bee (2)]
  9034 | D:7      | Succumbed to a killer bee's poison

Illustrated notes

Levels and vault maps discovered:
D:1:      sevenhm_arrival_forest_fort_small_3, layout_basic,
          hangedman_glass_teeth, minmay_small_reverse_x
D:2:      layout_basic, hellmonk_ecumenical_altar_heavens_door, basic_altar,
          uniq_natasha
D:3:      layout_loops_cross, gup_sewer_entry_spiral
D:4:      black_bear_nest_1, layout_loops_ring,
          chequers_temple_overflow_statue_of_worship,
          mainiacjoe_overflow_catwalk, nicolae_overflow_hidden_temple,
          minmay_temple_entry_proselytizer, minmay_misc_feat_secret_circle
D:5:      layout_basic, nicolae_qazlal_scattered_showers
D:6:      layout_loops_corners, fedhas_altar_2
D:7:      layout_basic, cheibrodos_worm_habitat, lemuel_doored_altar
Temple:   cyrus_temple_forest

Skill      XL: |  1  2  3  4  5  6  7  8  9 |
---------------+----------------------------+-----
Stealth        | 10 | 10.5
Invocations    | 1 2 3 4 |  4.6
Short Blades   | 1 2 3 4 |  4.1
Long Blades    | 1 2 3 4 |  4.1
Maces & Flails | 1 2 3 4 |  4.1
Polearms       | 1 2 3 4 |  4.1
Staves         | 1 2 3 4 |  4.1
Slings         | 1 2 3 4 |  4.1
Bows           | 1 2 3 4 |  4.1
Crossbows      | 1 2 3 4 |  4.1
Throwing       | 1 2 3 4 |  4.1
Armour         | 1 2 3 4 |  4.1
Shields        | 1 2 3 4 |  4.1
Unarmed Combat | 1 2 3 4 |  4.1
Spellcasting   | 1 2 3 4 |  4.1
Evocations     | 1 2 3 4 |  4.1
Conjurations   | 1 2 3 |  3.4
Hexes          | 1 2 3 |  3.4
Summonings     | 1 2 3 |  3.4
Necromancy     | 1 2 3 |  3.4
Translocations | 1 2 3 |  3.4
Transmutations | 1 2 3 |  3.4
Fire Magic     | 1 2 3 |  3.4
Ice Magic      | 1 2 3 |  3.4
Air Magic      | 1 2 3 |  3.4
Earth Magic    | 1 2 3 |  3.4
Poison Magic   | 1 2 3 |  3.4
Axes           | 5 6 |  6.2
Dodging        | 5 6 |  6.2
Fighting       | 7 |  7.8

Action                   |  1- 3 |  4- 6 |  7- 9 || total
-------------------------+-------+-------+-------++-------
Melee: Hand axe          |    69 |   253 |   458 ||   780
       Bite              |    10 |    16 |    82 ||   108
       Punch             |     1 |       |       ||     1
       Unarmed           |       |    22 |       ||    22
Throw: Boomerang         |       |     7 |     2 ||     9
Evoke: Wand              |       |     1 |       ||     1
  Use: Scroll            |     4 |     7 |     7 ||    18
       Potion            |       |     2 |    12 ||    14
 Stab: Sleeping          |     8 |    20 |     7 ||    35
       Distracted        |     1 |       |       ||     1
       Invisible         |       |       |     7 ||     7
Armor: Leather armour    |     7 |    79 |    48 ||   134
       Storm dragon scal |       |       |    65 ||    65
       Steam dragon scal |       |       |    10 ||    10
Dodge: Dodged            |    28 |   122 |   186 ||   336
Block: Tower shield      |    20 |   207 |   361 ||   588

Table legend: (Time is in decaauts)
 A = Elapsed time spent in this place.
 B = Non-inter-level travel time spent in this place.
 C = Inter-level travel time spent in this place.
 D = Time resting spent in this place.
 E = Time spent auto-exploring this place.
 F = Levels seen in this place.
 G = Mean time per level.
                   A        B        C        D        E       F      G
               +--------+--------+--------+--------+--------+-----+--------+
         Total |   9442 |   9124 |    318 |   2536 |   4346 |   9 | 1049.1 |
       Dungeon |   8063 |   7773 |    290 |   1939 |   4026 |   7 | 1151.9 |
        Temple |    224 |    197 |     27 |      0 |     37 |   1 |  224.0 |
         Sewer |   1154 |   1154 |      0 |    597 |    283 |   1 | 1154.0 |
               +--------+--------+--------+--------+--------+-----+--------+

Top non-repeatable levels by time:
     D:6: 1744 daAuts
     D:5: 1663 daAuts
     D:4: 1487 daAuts
     D:2: 1263 daAuts
   Sewer: 1154 daAuts
     D:3: 1050 daAuts
     D:1: 564 daAuts
     D:7: 289 daAuts
  Temple: 224 daAuts
